 Dungeon Crawl Stone Soup version 0.29.1-2-gbd0b4ee654 (webtiles) character file.

Game seed: 15768192012154174002

2904 zeram the Cleaver (level 9, -5/79 HPs)
             Began as a Hill Orc Fighter on Nov 10, 2022.
             Was a Believer of Qazlal.
             Slain by an unseen horror (7 damage)
             ... on level 7 of the Dungeon.
             The game lasted 00:18:40 (8019 turns).

zeram the Cleaver (Hill Orc Fighter)                Turns: 8019, Time: 00:18:40

Health: -5/79      AC: 10    Str: 23    XL:     9   Next: 78%
Magic:  9/9        EV: 10    Int: 11    God:    Qazlal [**....]
Gold:   296        SH:  8    Dex: 10    Spells: 8/8 levels left

rFire   . . .      SeeInvis .   m - +1 hand axe "Antad" {protect, Int+3}
rCold   . . .      Faith    .   c - +0 buckler
rNeg    + . .      Spirit   .   b - +0 scale mail
rPois   .          Reflect  .   r - +0 helmet
rElec   .          Harm     .   (no cloak)
rCorr   .          Rampage  .   (no gloves)
Will    .....                   l - +0 pair of boots
Stlth   ..........              (no amulet)
HPRegen 0.23/turn               i - ring of positive energy
MPRegen 0.11/turn               (no ring)

@: hasted, very quick
A: no striking features
a: Renounce Religion, Upheaval


You were on level 7 of the Dungeon.
You worshipped Qazlal.
Qazlal was pleased with you.
You visited 1 branch of the dungeon, and saw 7 of its levels.

You collected 296 gold pieces.

Inventory:

Hand Weapons
 a - a +1 war axe
 m - the +1 hand axe "Antad" (weapon) {protect, Int+3}
   (You found it on level 2 of the Dungeon)

   It grants its wielder temporary protection when it strikes (+7 to AC).
   Int:       It affects your intelligence (+3).
 t - the +8 flail of the Kidney {protect, *Corrode rN+ SInv}
   (You found it on level 6 of the Dungeon)

   It grants its wielder temporary protection when it strikes (+7 to AC).
   rN:        It protects you from negative energy.
   SInv:      It lets you see invisible.
   *Corrode:  It may corrode you when you take damage.
Armour
 b - a +0 scale mail (worn)
 c - a +0 buckler (worn)
 l - a +0 pair of boots (worn)
 r - a +0 helmet (worn)
Jewellery
 i - a ring of positive energy (left hand)
Wands
 e - a wand of iceblast (4)
 g - a wand of polymorph (8)
 s - a wand of paralysis (17)
Scrolls
 j - 2 scrolls of torment
Potions
 d - a potion of brilliance
 h - a potion of invisibility {unknown}
 n - 3 potions of lignification
 p - 3 potions of attraction
 q - 2 potions of degeneration {unknown}
 u - a potion of berserk rage {unknown}
 v - a potion of resistance {unknown}


   Skills:
 + Level 7.0 Fighting
 + Level 10.9 Axes
 + Level 7.4 Armour
 + Level 3.8 Dodging
 + Level 6.2 Shields


You had 8 spell levels left.
You didn't know any spells.
Your spell library contained the following spells:

 Spells                   Type           Power      Damage    Failure   Level
 Apportation              Tloc           0%         N/A       71%         1
 Foxfire                  Conj/Fire      0%         2x1d4     71%         1
 Necrotise                Necr           0%         1d4       71%         1
 Scorch                   Fire           0%         2d5       83%         2
 Conjure Flame            Conj/Fire      0%         6-21      97%         3
 Inner Flame              Hex/Fire       0%         N/A       97%         3
 Vampiric Draining        Necr           0%         2d6       97%         3
 Flame Wave               Conj/Fire      0%         2d4       100%        4
 Agony                    Necr           0%         N/A       100%        5
 Alistair's Intoxication  Tmut/Pois      0%         N/A       100%        5
 Summon Cactus Giant      Summ           0%         N/A       100%        6


Dungeon Overview and Level Annotations

Branches:
Dungeon (7/15)             Temple (0/1) D:5

Altars:
Qazlal
Xom

Shops:
D:1 ::   D:6 *


Message History

* * * LOW HITPOINT WARNING * * *
You hit something but do no damage.
Your weapon exudes an aura of protection.
Something completely misses you. Something hits you but does no damage.
You closely miss something. Something hits you.
* * * LOW HITPOINT WARNING * * *
You feel better. Something hits you but does no damage.
You slash something! You block something's attack.
Aiming: Iceblast
Press: ? - help, Shift-Dir - straight line The mass of ice explodes!
The iceblast engulfs something!
Something hits you but does no damage. Something hits you.
* * * LOW HITPOINT WARNING * * *
Unknown command.
You closely miss something. Something hits you but does no damage.
Unknown command.
You block something's attack.
Aiming: Iceblast
Press: ? - help, Shift-Dir - straight line The mass of ice explodes!
The iceblast engulfs something!
You block something's attack.
Unknown command.
Aiming: Iceblast
Press: ? - help, Shift-Dir - straight line The mass of ice explodes!
The iceblast engulfs something.
Something hits you.
* * * LOW HITPOINT WARNING * * *
Unknown command.
Something hits you but does no damage.
Unknown command.
Okay, then.
Okay, then.
You block something's attack. Something hits you.
* * * LOW HITPOINT WARNING * * *
You feel yourself speed up. Something hits you but does no damage.
You block something's attack. Something hits you.
* * * LOW HITPOINT WARNING * * *
Something hits you but does no damage. Something hits you!
You die...

#.# ####.......# #. #.#
##.#....#######. #.#
#.#...........) #.#
#.#....######.. ###.##
#>#....###..... #....#
#.####..##..... #....#
#.#####........ #....#
#####........#.....
#....###.@....#####.#.....
#........###.## #.#.....
#....##### #.# #...##.#
#....# ###.## ###.##.#
#....# #....# #.##.#
#....# #....# #...)#
###### #....########..))
#.............###
#....##########


There were no monsters in sight!

Vanquished Creatures
  Joseph (D:7)
  3 water moccasins
  2 sky beasts
  An orc warrior (D:7)
  3 ice beasts
  An ogre (D:6)
  2 centaurs
  2 phantoms
  3 kobold brigands (D:7)
  2 necrophages
  2 scorpions
  A howler monkey (D:7)
  2 hounds
  4 crimson imps (D:4)
  2 quasits (D:5)
  A gnoll bouda (D:6)
  3 jellies
  5 iguanas
  Natasha (D:3)
  Terence (D:3)
  8 gnolls
  7 adders
  A shadow imp (D:5)
  3 white imps
  An ufetubus (D:5)
  2 worms
  2 dart slugs
  11 orcs
  3 ball pythons
  3 bats (D:1)
  5 endoplasms
  2 giant cockroaches
  4 hobgoblins
  15 jackals
  21 kobolds
  6 quokkas
  2 frilled lizards (D:1)
  7 goblins
  4 rats
149 creatures vanquished.

Vanquished Creatures (others)
  A demonic plant (D:5)
1 creature vanquished.

Grand Total: 150 creatures vanquished

Notes
Turn   | Place    | Note
-------+----------+-------------------------------------------
     0 | D:1      | zeram the Hill Orc Fighter began the quest for the Orb.
     0 | D:1      | Reached XP level 1. HP: 19/19 MP: 1/1
    60 | D:1      | Found a faded altar of an unknown god.
   172 | D:1      | Reached XP level 2. HP: 27/27 MP: 2/2
   275 | D:1      | Found Daubisch's Book Shop.
   276 | D:1      | Found Jiass's Vocational Training.
   314 | D:1      | Reached skill level 3 in Axes
   315 | D:1      | Reached XP level 3. HP: 33/33 MP: 3/3
   795 | D:2      | Identified the +1 hand axe "Antad" {protect, Int+3}
  1278 | D:2      | Reached XP level 4. HP: 20/40 MP: 4/4
  1324 | D:2      | Reached skill level 4 in Axes
  2051 | D:3      | Reached XP level 5. HP: 38/47 MP: 5/5
  2173 | D:3      | Noticed Terence
  2194 | D:3      | Killed Terence
  2195 | D:3      | Reached skill level 5 in Axes
  2479 | D:3      | Reached skill level 1 in Dodging
  2744 | D:3      | Noticed Natasha
  2760 | D:3      | Killed Natasha
  2761 | D:3      | Reached XP level 6. HP: 47/53 MP: 6/6
  3052 | D:4      | Found a stormy altar of Qazlal.
  3267 | D:4      | Became a worshipper of Qazlal Stormbringer
  3286 | D:4      | Reached skill level 6 in Axes
  3438 | D:4      | Found a shimmering altar of Xom.
  3483 | D:4      | Reached skill level 5 in Fighting
  3483 | D:4      | Reached XP level 7. HP: 37/61 MP: 7/7
  4249 | D:5      | Entered Level 5 of the Dungeon
  4276 | D:5      | Reached skill level 5 in Armour
  4315 | D:5      | Reached skill level 7 in Axes
  4741 | D:5      | Found a staircase to the Ecumenical Temple.
  4765 | D:5      | Reached XP level 8. HP: 62/69 MP: 8/8
  5064 | D:5      | Reached * piety under Qazlal
  5065 | D:5      | Reached skill level 5 in Shields
  5109 | D:5      | Reached skill level 8 in Axes
  5624 | D:6      | Identified the +8 flail of the Kidney {protect, *Corrode
                  | rN+ SInv}
  5985 | D:6      | Reached skill level 9 in Axes
  6376 | D:6      | Reached XP level 9. HP: 40/75 MP: 9/9
  7178 | D:6      | Found Qarr's Overcharged Wands.
  7199 | D:6      | Reached skill level 10 in Axes
  7314 | D:7      | Noticed Joseph
  7327 | D:7      | Killed Joseph
  7720 | D:7      | Reached ** piety under Qazlal
  8017 | D:7      | HP: 2/79 [something (6)]
  8019 | D:7      | Slain by an unseen horror

Illustrated notes

Levels and vault maps discovered:
D:1:      saegor_arrival_simple_a, layout_loops_cross,
          dreamdust_ecumenical_altar_statues, serial_shops, shop, st_stairs_4,
          nicolae_shop_vocational
D:2:      layout_loops_ring, minmay_misc_feat_iff,
          chequers_serial_rivers_small_3, kennysheep_boxes
D:3:      layout_loops_ring, corexii_leaking_fountain, uniq_natasha,
          uniq_terence
D:4:      layout_loops_ring, led_xom_imps, grunt_qazlal_sundering
D:5:      layout_loops_corners, minmay_temple_entry_large_hall, serial_demonic,
          serial_demonic_e, serial_demonic_d, serial_demonic_f,
          serial_demonic_g, st_stairs_9
D:6:      layout_gridville, nicolae_shop_overcharged_wands
D:7:      layout_rooms, okawaru_humans, grunt_decor_mini_mirrors, uniq_joseph

Skill      XL: |  1  2  3  4  5  6  7  8  9 |
---------------+----------------------------+-----
Axes           | 3 4 5 6 7 9 10 | 10.9
Fighting       | 4 5 6 7 |  7.0
Armour         | 4 5 6 7 |  7.4
Dodging        | 1 2 3 |  3.8
Shields        | 4 5 6 |  6.2

Action                   |  1- 3 |  4- 6 |  7- 9 || total
-------------------------+-------+-------+-------++-------
Melee: War axe           |    63 |       |       ||    63
       Hand axe          |    46 |   198 |   483 ||   727
Evoke: Wand              |       |       |     3 ||     3
  Use: Potion            |       |     3 |     6 ||     9
       Scroll            |       |     8 |     4 ||    12
Armor: Scale mail        |    58 |   106 |   340 ||   504
Dodge: Dodged            |    73 |    81 |   213 ||   367
Block: Buckler           |    27 |    44 |   125 ||   196
